 Dungeon Crawl Stone Soup version 0.17.0-27-g4a3f43e (console) character file.

388 gw the Cudgeler (level 6, -1/39 HPs)
             Began as a Gargoyle Berserker on Nov 22, 2015.
             Was an Elder of Trog.
             Slain by a mummy (13 damage)
             ... in an ossuary.
             The game lasted 00:07:43 (3896 turns).

gw the Cudgeler (Gargoyle Berserker)                Turns: 3896, Time: 00:07:43

Health: -1/39      AC: 13    Str: 20    XL:     6   Next: 79%
Magic:  6/6        EV:  8    Int:  8    God:    Trog [****..]
Gold:   213        SH:  0    Dex: 11    Spells: 0 memorised, 5 levels left

rFire  . . .     SeeInvis .     b - +0 flail
rCold  . . .     Clarity  .     o - +0 chain mail
rNeg   + . .     SustAt   .     (no shield)
rPois  ∞         Gourm    .     (no helmet)
rElec  +         Spirit   .     (no cloak)
rCorr  +         Warding  .     (no gloves)
rMut   .         Stasis   .     (no boots)
MR     .....                    h - amulet of resist corrosion
Stlth  ..........               (no ring)
                                (no ring)

@: not resistant to hostile enchantments, extremely unstealthy
A: negative energy resistance 1, electricity resistance, unbreathing,
petrification resistance, rot immunity, AC +4
a: Berserk, Trog's Hand, Brothers in Arms, Burn Spellbooks, Renounce Religion


You were in an ossuary.
You worshipped Trog.
Trog was greatly pleased with you.
You were very hungry.

You visited 1 branch of the dungeon, and saw 4 of its levels.
You also visited: Ossuary.

You collected 213 gold pieces.

Inventory:

Hand Weapons
 b - a +0 flail (weapon)
Missiles
 a - 2 curare-tipped needles
 l - 43 stones (quivered)
 p - a tomahawk
Armour
 o - a +0 chain mail (worn)
Jewellery
 h - an amulet of resist corrosion (around neck)
Scrolls
 e - 2 scrolls of enchant armour
 i - a scroll of remove curse
 j - 3 scrolls of identify
 m - a scroll of recharging
Potions
 n - a potion of curing
Comestibles
 c - 4 bread rations
 d - 2 fruits
 f - a meat ration
 g - a beef jerky


   Skills:
 + Level 4.6 Fighting
 * Level 5.1 Maces & Flails
 + Level 2.6 Throwing
 + Level 3.7 Armour
 - Level 1.5 Dodging


You had 5 spell levels left.
You didn't know any spells.

Dungeon Overview and Level Annotations

Branches:
Dungeon (4/15)
 Temple: D:4-7

Altars:
Nemelex Xobeh
Zin


Innate Abilities, Weirdness & Mutations

You are resistant to torment.
Your stone body is resilient (AC +4).
You are immune to poison.
You resist negative energy.
You are resistant to electric shocks.
You can survive without breathing.
You are immune to petrification.
You are immune to rotting.


Message History

KIIIITING; ATTACKING (0,-1)
You hit the mummy.
You destroy the mummy!
The mummy hits you.
KIIIITING; ATTACKING (1,-1)
You sock the mummy!
The mummy is heavily damaged.
The mummy hits you!
KIIIITING; ATTACKING (1,-1)
You hit the mummy but do no damage.
The mummy is heavily damaged.
KIIIITING; ATTACKING (1,-1)
You completely miss the mummy.
The mummy is heavily damaged.
The mummy hits you but does no damage.
KIIIITING; ATTACKING (1,-1)
You hit the mummy but do no damage.
The mummy is heavily damaged.
The mummy hits you!
You die...

##....##
#....#
#....#
#...(#
#....#
#..(.#
#..(.#
#...M#
#.\9.#
######


You could see a mummy.

Table legend:
 A = Turns spent in this place as a percentage of turns spent in the entire game.
 B = Non-inter-level travel turns spent in this place as a percentage of non-inter-level travel turns spent in the entire game.
 C = Inter-level travel turns spent in this place as a percentage of turns spent in this place.
 D = Turns resting spent in this place as a percentage of non-inter-level travel turns spent in this place.
 E = Turns spent auto-exploring this place as a percentage of non-inter-level travel turns spent in this place.
 F = Non-inter-level travel turns spent in this place divided by the number of levels of this place that you've seen.
                   A       B       C       D       E      F
               +-------+-------+-------+-------+-------+----------------------
         Total | 100.0 | 100.0 |   0.3 |   0.6 |   2.0 | 1484.0
       Dungeon |  90.2 |  90.1 |   0.3 |   0.5 |   2.2 | 1672.2
       Ossuary |   9.8 |   9.9 |   0.0 |   1.4 |   0.7 | 731.0
               +-------+-------+-------+-------+-------+----------------------

Table legend:
 A = Kills in this place as a percentage of kills in entire the game.
 B = Kills by you in this place as a percentage of kills by you in the entire game.
 C = Kills by friends in this place as a percentage of kills by friends in the entire game.
 D = Other kills in this place as a percentage of other kills in the entire game.
 E = Experience gained in this place as a percentage of experience gained in the entire game.
 F = Experience gained in this place divided by the number of levels of this place that you have seen.
                   A       B       C       D       E      F
               +-------+-------+-------+-------+-------+----------------------
         Total | 100.0 | 100.0 |  -nan |  -nan | 100.0 | 111.0
       Dungeon |  89.0 |  89.0 |  -nan |  -nan |  81.8 | 113.5
       Ossuary |  11.0 |  11.0 |  -nan |  -nan |  18.2 | 101.0
               +-------+-------+-------+-------+-------+----------------------

Vanquished Creatures
  An orc priest (D:4)
  Ijyb (D:3)
  A giant frog skeleton (D:3)
  2 worker ants (D:4)
  5 mummies (Ossuary)
  5 adders
  3 oozes
  4 worms
  3 giant geckos (D:2)
  10 orcs
  15 bats
  4 gnoll zombies (Ossuary)
  10 goblins
  9 hobgoblins
  8 jackals
  4 ball pythons
  4 giant cockroaches
  5 giant newts
  2 hobgoblin zombies (Ossuary)
  7 kobolds
  2 kobold zombies (Ossuary)
  3 quokkas
  10 rats
118 creatures vanquished.

Notes
Turn   | Place    | Note
--------------------------------------------------------------
     0 | D:1      | gw the Gargoyle Berserker began the quest for the Orb.
     0 | D:1      | Reached XP level 1. HP: 14/14 MP: 1/1
    86 | D:1      | Reached XP level 2. HP: 19/19 MP: 2/2
   238 | D:1      | Reached skill level 1 in Throwing
   310 | D:1      | Reached XP level 3. HP: 23/23 MP: 3/3
   351 | D:1      | Reached ** piety under Trog
  1478 | D:2      | Reached XP level 4. HP: 28/28 MP: 4/4
  1845 | D:2      | Reached *** piety under Trog
  1936 | D:2      | Found a sparkling altar of Nemelex Xobeh.
  2125 | D:3      | Reached skill level 4 in Maces & Flails
  2156 | D:3      | Reached XP level 5. HP: 30/33 MP: 5/5
  2255 | D:3      | Found a faded altar to an unknown god.
  2267 | D:3      | Noticed Ijyb
  2287 | D:3      | Killed Ijyb
  2911 | D:3      | Found a glowing silver altar of Zin.
  3074 | D:4      | Reached XP level 6. HP: 38/38 MP: 6/6
  3147 | D:4      | Reached **** piety under Trog
  3202 | D:4      | Found a sand-covered staircase.
  3235 | Ossuary  | Entered an ossuary
  3404 | Ossuary  | Reached skill level 5 in Maces & Flails
  3896 | Ossuary  | Slain by a mummy

Action                   |  1- 3 |  4- 6 || total
-------------------------+-------+-------++-------
Melee: Mace              |   115 |       ||   115
       Whip              |    16 |   152 ||   168
       Flail             |       |    72 ||    72
Throw: Stone             |    52 |   179 ||   231
       Tomahawk          |       |     6 ||     6
  Use: Scroll            |     3 |     7 ||    10
       Potion            |     1 |     2 ||     3
  Eat: Chunk             |     2 |     7 ||     9

Vault maps used:
D:1:      ncdulo_lavacross
D:2:      minivault_26, nemelex_lonely_heart_becter
D:3:      lemuel_round_altar, lightli_sewer_entry_pipes, ecumenical_altar_1,
          st_stairs_11, uniq_iyjb
D:4:      lightli_temple_of_fire, cheibriados_altar_1, minmay_temple_entry_mist,
          enter_ossuary_3, serial_shops, nicolae_shop_statue_plus,
          hex_intersection
Ossuary:  ossuary_tomb_3
